AoeStats
← Morrión

Fortress

510144712Analyzed
2v2 RM · 4d ago on Sep 29, 2026· 47m 43s· 4 players
Game mode
Random Map
Map size
Normal (6 player)
Population
200
Speed
Normal
Resources
Standard
Victory
Conquest
Starting age
Dark Age
Ending age
Imperial Age
RankedLock teamsTeams togetherTeam positionsShared explorationLock speedFull tech treeHidden civsTurbo modeCheats
Victory
Defeat
🇿🇦 Khmer · South Africa
1334
+17
🇮🇳 Italians · India
1280
+19
🇪🇸 Varangians · Spain
1358
-18
🇪🇸 Danes · Spain
1357
-18
Lilith Realm
7:32 Feudal Age
7:59 Feudal Age
11:07 Castle Age
8:55 Double-Bit Axe
9:08 Horse Collar
10:00 Loom
11:50 Town Watch
13:02 Bow Saw
16:05 Wheelbarrow
19:21 Heavy Plow
25:41 Hand Cart
31:39 Imperial Age
30:22 Scale Barding Armor
30:27 Forging
31:53 Chain Barding Armor
31:47 Elite Ballista Elephant
32:28 Double Crossbow
32:46 Siege Engineers
33:08 Ballistics
33:55 Chemistry
33:45 Conscription
33:42 Gold Mining
34:31 Fortified Wall
34:31 Masonry
35:59 Plate Barding Armor
36:01 Iron Casting
35:26 Fletching
36:17 Bloodlines
36:08 Husbandry
35:28 Light Cavalry
37:30 Hoardings
37:32 Hussar
38:28 Bodkin Arrow
40:04 Blast Furnace
39:40 Bracer
42:21 Blast Furnace
43:48 Caravan
katzzu
7:25 Feudal Age
11:07 Castle Age
9:00 Double-Bit Axe
8:58 Horse Collar
17:28 Loom
19:54 Fletching
20:38 Bodkin Arrow
21:45 Ballistics
25:13 Imperial Age
22:49 Padded Archer Armor
25:09 Bow Saw
26:31 Bracer
27:59 Conscription
28:55 Chemistry
30:03 Wheelbarrow
30:31 Pirotechnia
30:51 Fortified Wall
31:23 Leather Archer Armor
33:51 Murder Holes
33:40 Elite Genoese Crossbowman
34:53 Ring Archer Armor
34:22 Town Watch
37:13 Thumb Ring
38:03 Bombard Tower
43:36 Scale Barding Armor
43:10 Light Cavalry
44:01 Bloodlines
43:52 Husbandry
44:23 Hussar
46:06 Chain Barding Armor
45:57 Forging
48:07 Plate Barding Armor
47:39 Caravan
48:03 Silk Road
Morrión
7:35 Feudal Age
9:28 Loom
11:58 Castle Age
10:07 Double-Bit Axe
11:07 Horse Collar
11:42 Bloodlines
12:37 Scale Barding Armor
12:48 Forging
13:38 Scale Barding Armor
19:45 Chain Barding Armor
19:46 Fletching
21:43 Husbandry
21:58 Loom
24:08 Wheelbarrow
24:18 Bodkin Arrow
24:35 Elite Skirmisher
25:40 Padded Archer Armor
29:19 Leather Archer Armor
32:03 Imperial Age
30:34 Vendel Legacy
32:48 Iron Casting
33:14 Hand Cart
33:07 Bracer
33:20 Bow Saw
34:34 Cavalier
37:27 Plate Barding Armor
37:30 Town Watch
38:04 Gothikon
39:14 Conscription
juanca12
7:15 Feudal Age
10:58 Castle Age
9:04 Double-Bit Axe
9:35 Arson
9:31 Horse Collar
10:21 Scale Mail Armor
17:21 Squires
18:14 Wheelbarrow
19:39 Chain Mail Armor
19:36 Forging
21:26 Hand Cart
22:47 Iron Casting
27:55 Loom
32:06 Imperial Age
30:43 Heavy Plow
32:24 Onager
33:24 Masonry
34:02 Conscription
34:07 Fletching
34:53 Plate Mail Armor
34:14 Fletching
35:16 Northmen's Fury
35:52 Siege Onager
37:18 Siege Engineers
38:32 Elite Skirmisher
42:05 Bow Saw
43:02 Chemistry
42:33 Ballistics
43:20 Bodkin Arrow
43:26 Padded Archer Armor
44:11 Cranequins
47:03 Bracer
Connection lost

Rejoining the realm…

Still unreachable

The connection could not be restored.

Session expired

The server has moved on; the page needs a fresh start.